 Dungeon Crawl Stone Soup version 0.17-a0-1939-ga475588 (webtiles) character file.

153 barthelm the Grave Robber (level 5, -12/41 HPs)
             Began as a Ghoul Necromancer on Sept 29, 2015.
             Killed themself with a badly aimed fireball (17 damage)
             ... on level 4 of the Dungeon.
             The game lasted 00:16:28 (1951 turns).

barthelm the Grave Robber (Ghoul Necromancer)       Turns: 1951, Time: 00:16:28

Health: -12/41     AC:  2    Str: 13    XL:     5   Next: 35%
Magic:  7/7        EV: 12    Int: 10    God:
Gold:   151        SH:  0    Dex:  9    Spells: 1 memorised, 8 levels left

rFire  . . .     SeeInvis .       - Unarmed
rCold  + . .     Clarity  .     a - +0 robe
rNeg   + + +     SustAt   .     (no shield)
rPois  ∞         Gourm    .     (no helmet)
rElec  .         Spirit   .     (no cloak)
rCorr  .         Warding  .     (no gloves)
rMut   .         Stasis   .     (no boots)
MR     .....                    (no amulet)
Stlth  ++........               (no ring)
                                (no ring)

@: rotting, not resistant to hostile enchantments, unstealthy
A: rotting body, claws 1, carnivore 3, cold resistance 1, negative energy
resistance 3, slow healing 1, torment resistance, unbreathing
a: no special abilities


You were on level 4 of the Dungeon.
You were not hungry.

You visited 1 branch of the dungeon, and saw 4 of its levels.

You collected 151 gold pieces.

Inventory:

Armour
 a - a +0 robe (worn)
Magical devices
 l - a wand of random effects (18)
Scrolls
 e - a scroll of fog {unknown}
 i - 2 scrolls of identify
 j - a scroll of teleportation {unknown}
 k - a scroll of fear {unknown}
Potions
 d - 4 potions of curing
 h - a potion of agility {unknown}
 m - a potion of brilliance {unknown}
 n - a potion of might {unknown}
 o - a potion of magic {unknown}
 p - a potion of mutation {unknown}
Books
 b - a book of Necromancy

   Spells                             Type                      Level
   a - Pain                           Necromancy                   1
   b - Animate Skeleton               Necromancy                   1
   c - Vampiric Draining              Necromancy                   3
   d - Regeneration                   Charms/Necromancy            3
   e - Animate Dead                   Necromancy                   4
   f - Control Undead                 Necromancy                   4
Comestibles
 c - a meat ration
 f - a slice of pizza
 g - a beef jerky


   Skills:
 * Level 2.1 Fighting
 + Level 2.2 Dodging
 + Level 2.4 Stealth
 * Level 1.6 Unarmed Combat
 + Level 2.5 Spellcasting
 + Level 4.8 Necromancy


You had 8 spell levels left.
You knew the following spells:

 Your Spells              Type           Power        Failure   Level  Hunger
a - Pain                  Necr           ##..         4%          1    ##.....


Dungeon Overview and Level Annotations

Branches:
Dungeon (4/15)
 Temple: D:4-7

Altars:
Cheibriados
Trog

Annotations:
D:4 Grinder


Innate Abilities, Weirdness & Mutations

Your body is rotting away.
You thrive on raw meat.
You are immune to poison.
You have sharp fingernails.
You are carnivorous and can eat meat at any time.
Your flesh is cold resistant.
You are immune to negative energy.
You heal slowly when monsters are visible.
You are immune to unholy pain and torment.
You can survive without breathing.


Message History

Grinder gestures at you.
You are unaffected.
Throwing (i - inventory):
q - a javelin (quivered)
Press: ? - help, Shift-Dir - straight line, f/p - Grinder
Aim: Grinder (moderately wounded)
You throw a javelin. The javelin barely misses Grinder.
Grinder hits you.
* * * LOW HITPOINT WARNING * * *
As you read the scroll labeled JOWOTY NEUR, it crumbles to dust.
It is a scroll of identify.
Identify which item? (\ to view known items) (? for menu, Esc to quit)
d - 4 potions of curing Grinder gestures at you.
You are unaffected.
Zapping:
l - a wand of random effects (will waste charges)
Press: ? - help, Shift-Dir - straight line, f/p - Grinder
Aim: Grinder (moderately wounded)
The fireball explodes!
The fireball engulfs Grinder.
Grinder is heavily wounded.
The fireball engulfs you!
You die...

#.....##+####+
#+##.............
#..#.............
#.?#.............
#..#.............
+..#.....#+#####'
..+.....#.......
...##+###'#..<..+.......
(...((5@........#...##..
#+#.............#...####
#.............+.......
+.............#.......
#.............###.###.
###+##..........#.###.
#..........'..'..
#..........#..#..
+..........#..#..


You could see Grinder.

Vanquished Creatures
  A worker ant (D:4)
  6 adders
  2 worms
  A giant gecko (D:4)
  3 orcs (D:4)
  2 ball pythons
  9 hobgoblins
  4 jackals (D:3)
  7 kobolds
  6 bats
  A giant cockroach (D:3)
  3 giant newts
  9 goblins
  2 quokkas
  8 rats
64 creatures vanquished.

Notes
Turn   | Place    | Note
--------------------------------------------------------------
     0 | D:1      | barthelm the Ghoul Necromancer began the quest for the Orb.
     0 | D:1      | Reached XP level 1. HP: 14/14 MP: 2/2
    96 | D:1      | Reached XP level 2. HP: 20/20 MP: 0/3
   603 | D:2      | Reached skill level 1 in Unarmed Combat
   648 | D:2      | Reached XP level 3. HP: 22/26 MP: 0/4
   668 | D:2      | Reached skill level 1 in Fighting
   856 | D:2      | Found a bloodstained altar of Trog.
   970 | D:2      | Reached XP level 4. HP: 35/35 MP: 1/6
  1116 | D:2      | Found a snail-covered altar of Cheibriados.
  1588 | D:3      | You fall through a shaft!
  1662 | D:4      | Reached XP level 5. HP: 35/40 MP: 2/7
  1925 | D:4      | Noticed Grinder
  1939 | D:4      | Paralysed by Grinder for 7 turns
  1951 | D:4      | Killed themself with a badly aimed fireball

Vault maps used:
D:1:      scummos_arrival_hexagon
D:2:      cheibriados_altar_1, lemuel_doored_altar, dk_noncrumbling_4,
          minmay_ruptured
D:4:      portal_sewer_entry_b, uniq_grinder

Action                   |  1- 3 |  4- 6 || total
-------------------------+-------+-------++-------
Melee: Unarmed           |    38 |    58 ||    96
Throw: Javelin           |    12 |    19 ||    31
 Cast: Pain              |    30 |    50 ||    80
  Use: Scroll            |       |     1 ||     1
 Stab: Sleeping          |     1 |       ||     1
  Eat: Chunk             |    26 |    28 ||    54
